 Dungeon Crawl Stone Soup version 0.20-a0-926-g560771d (webtiles) character file.

35 Isola the Poker (level 3, -1/27 HPs)
             Began as a Merfolk Skald on Mar 28, 2017.
             Slain by a gnoll
             ... wielding a +0 whip
              (2 damage)
             ... on level 2 of the Dungeon.
             The game lasted 00:01:50 (1063 turns).

Isola the Poker (Merfolk Skald)                     Turns: 1063, Time: 00:01:51

Health: -1/27      AC:  3    Str: 11    XL:     3   Next: 33%
Magic:  6/6        EV: 13    Int: 13    God:
Gold:   33         SH:  0    Dex: 13    Spells: 1/6 levels left

rFire    . . .     SeeInvis .   a - +0 spear
rCold    . . .     Gourm    .   (no shield)
rNeg     . . .     Faith    .   b - +0 leather armour
rPois    .         Spirit   .   (no helmet)
rElec    .         Reflect  .   (no cloak)
rCorr    .         Harm     .   (no gloves)
MR       .....                  (no boots)
Stlth    +.........             (no amulet)
Regen    0.1/turn               (no ring)
MPRegen  0.1/turn               (no ring)

@: no status effects
A: change form in water, swift swim, stealthy swim
a: no special abilities


You were on level 2 of the Dungeon.
You were not hungry.

You visited 1 branch of the dungeon, and saw 2 of its levels.

You collected 33 gold pieces.

Inventory:

Hand Weapons
 a - a +0 spear (weapon)
Armour
 b - a +0 leather armour (worn)
Scrolls
 g - a scroll of noise {unknown}
 h - a scroll of identify {unknown}
 i - 3 scrolls of teleportation {unknown}
 j - a scroll of blinking {unknown}
Books
 c - a book of Battle

   Spells                             Type                      Level
   a - Infusion                       Charms                       1
   b - Shroud of Golubria             Charms/Translocation         2
   c - Song of Slaying                Charms                       2
   d - Spectral Weapon                Hexes/Charms                 3
   e - Regeneration                   Charms/Necromancy            3
Comestibles
 d - 2 bread rations
 f - 2 chunks of flesh


   Skills:
 - Level 2.1 Fighting
 * Level 4.4 Polearms
 - Level 0.6 Armour
 + Level 3.5 Dodging
 - Level 2.0 Spellcasting
 + Level 3.5 Charms


You had one spell level left.
You knew the following spells:

 Your Spells              Type           Power        Failure   Level  Hunger
a - Infusion              Chrm           ##..         10%         1    ##.....
b - Shroud of Golubria    Chrm/Tloc      #.........   28%         2    ###....
c - Song of Slaying       Chrm           ##......     12%         2    ###....


Dungeon Overview and Level Annotations

Branches:
Dungeon (2/15)

Altars:


Message History

The gnoll hits you but does no damage.
Attack whom?
Press: ? - help, Dir - move target cursor, f/p - gnoll
Aim: a gnoll, wielding a whip (moderately wounded)
You hit the gnoll but do no damage.
The gnoll is moderately wounded.
The gnoll hits you with a whip.
* * * LOW HITPOINT WARNING * * *
You barely miss the gnoll.
The gnoll is moderately wounded.
The gnoll hits you but does no damage.
You hit the gnoll.
The gnoll is severely wounded.
The gnoll hits you but does no damage.
You hit the gnoll but do no damage.
The gnoll is severely wounded.
You feel less wooden.
Your +0 leather armour unmelds from your body.
The gnoll hits you with a whip.
You die...

......[# ......# #.......#
.......# # ......# .
..w<.# #.#. #..#.#
#.#.##..#@# .. ....)...#g#
#. #....)..# #.
#.#..#..#.######.
.................#####.###
###.##.....#### #.>.....gg
#.##.##.## #.g##..#..
#.#...#.# #..# ....
#.......# #.g# ...


You could see a gnoll.

Vanquished Creatures
  An adder (D:2)
  A worm (D:2)
  A leopard gecko (D:2)
  2 bats
  2 giant cockroaches (D:1)
  3 goblins (D:1)
  4 hobgoblins
  2 kobolds (D:1)
  A frilled lizard (D:2)
  3 rats
20 creatures vanquished.

Notes
Turn   | Place    | Note
-------+----------+-------------------------------------------
     0 | D:1      | Isola the Merfolk Skald began the quest for the Orb.
     0 | D:1      | Reached XP level 1. HP: 16/16 MP: 3/3
   312 | D:1      | Reached XP level 2. HP: 18/22 MP: 5/5
   901 | D:2      | Reached skill level 4 in Polearms
   921 | D:1      | Learned a level 2 spell: Shroud of Golubria
   924 | D:1      | Learned a level 2 spell: Song of Slaying
  1028 | D:2      | Reached XP level 3. HP: 6/27 MP: 6/6
  1035 | D:2      | HP: 1/40 [worm (4)]
  1060 | D:2      | HP: 1/40 [gnoll/whip (4)]
  1063 | D:2      | Slain by a gnoll

Vault maps used:
D:1:      dpeg_arrival_simpleton_c, hex_medium
D:2:      uniq_crazy_yiuf_cottage

Skill      XL: |  1  2 |
---------------+-------+-----
Dodging        | 3 |  3.5
Polearms       | 4 |  4.4
Fighting       | |  2.1
Armour         | |  0.6
Spellcasting   | |  2.0
Charms         | |  3.5

Action                   || total
-------------------------++-------
Melee: Spear             ||   130
 Cast: Infusion          ||     1
  Use: Potion            ||     1
 Stab: Sleeping          ||     1
  Eat: Chunk             ||     1
Armor: Leather armour    ||    21
       Skin              ||    24
Dodge: Dodged            ||    45
